 Dungeon Crawl Stone Soup version 0.18.1-6-gd335043 (webtiles) character file.

520 mopl the Covert (level 7, -1/47 HPs)
             Began as a Vampire Transmuter on May 17, 2016.
             Shot with an arrow by a centaur (5 damage)
             ... on level 5 of the Dungeon.
             The game lasted 00:07:36 (4867 turns).

mopl the Covert (Vampire Transmuter)                Turns: 4867, Time: 00:07:37

Health: -1/47      AC:  6    Str:  9    XL:     7   Next: 1%
Magic:  10/10      EV: 12    Int: 15    God:
Gold:   225        SH:  5    Dex: 17    Spells: 2 memorised, 7 levels left

rFire  . . .     SeeInvis +     I - +2 long sword (distort) {!w}
rCold  + + .     Gourm    .     b - +0 robe
rNeg   + + +     Faith    .     j - +0 buckler
rPois  +         Spirit   .     H - +1 helmet
rElec  .         Dismiss  .     D - +0 cloak
rCorr  .         Reflect  .     (no gloves)
SustAt .         Harm     .     o - +0 pair of boots (curse)
MR     .....     Rnd*Tele +     (no amulet)
Stlth  +++++.....               u - ring of wizardry (curse)
                                h - ring of teleportation (curse)

@: regenerating slowly, not resistant to hostile enchantments, quite stealthy
A: fangs 3, see invisible, unbreathing
a: Bat Form


You were on level 5 of the Dungeon.
You were near bloodless.

You visited 2 branches of the dungeon, and saw 6 of its levels.

You collected 225 gold pieces.

Inventory:

Hand Weapons
 a - a +0 dagger of speed
 I - a +2 long sword of distortion (weapon) {!w}
Missiles
 f - 66 arrows
 E - 2 tomahawks (quivered)
 J - 19 poisoned needles
Armour
 b - a +0 robe (worn)
 j - a +0 buckler (worn)
 o - a cursed +0 pair of boots (worn)
 D - a +0 cloak (worn)
 H - a +1 helmet (worn)
Jewellery
 h - a cursed ring of teleportation (left hand)
 u - a cursed ring of wizardry (right hand)
Wands
 x - a wand of slowing (21/48)
 G - a wand of polymorph (16/24)
Scrolls
 e - a scroll of enchant armour {unknown}
 m - 3 scrolls of teleportation {unknown}
 r - 3 scrolls of remove curse {unknown}
 s - 4 scrolls of identify {unknown}
 w - a scroll of fear {unknown}
 y - 2 scrolls of enchant weapon {unknown}
 A - 2 scrolls of blinking {unknown}
 B - a scroll of random uselessness {unknown}
 F - a scroll of magic mapping {unknown}
Potions
 d - 10 potions of blood
 g - a potion of heal wounds {unknown}
 i - a potion of might {unknown}
 k - a potion of flight {unknown}
 l - 2 potions of degeneration {unknown}
 n - 2 potions of magic {unknown}
 p - a potion of curing {unknown}
 q - 2 potions of haste {unknown}
 t - a potion of berserk rage {unknown}
 v - 2 potions of lignification {unknown}
 z - a potion of brilliance {unknown}
 C - a potion of mutation {unknown}
Books
 c - a book of Changes

   Spells                             Type                      Level
   a - Beastly Appendage              Transmutation                1
   b - Sticks to Snakes               Transmutation                2
   c - Spider Form                    Transmutation/Poison         3
   d - Ice Form                       Ice/Transmutation            4
   e - Blade Hands                    Transmutation                5


   Skills:
 - Level 0.8 Fighting
 + Level 3.6 Short Blades
 - Level 2.1 Dodging
 * Level 8.1 Stealth
 + Level 3.1 Shields
 - Level 3.2 Unarmed Combat
 - Level 2.0 Spellcasting
 - Level 2.1 Transmutations


You had 7 spell levels left.
You knew the following spells:

 Your Spells              Type           Power        Failure   Level  Hunger
a - Beastly Appendage     Trmt           #.....       4%          1    #......
w - Sticks to Snakes      Trmt           #.......     7%          2    ###....


Dungeon Overview and Level Annotations

Branches:
Dungeon (5/15)             Temple (1/1) D:5

Altars:
Cheibriados
Dithmenos
Elyvilon
Fedhas
Kikubaaqudgha
Makhleb
Okawaru
Pakellas
Qazlal
Trog
Xom
Yredelemnul
Zin
The Shining One

Shops:
D:5 %

Annotations:
D:3 lightmor's ghost, amateur NaTm


Innate Abilities, Weirdness & Mutations

You heal slowly.
You have razor-sharp teeth.
You have supernaturally acute eyesight.
You can survive without breathing.


Message History

The orc warrior is moderately wounded.
The orc warrior hits you with a dire flail!!
The orc barely misses you. The orc wizard hits you with a dagger.
Unknown command.
You hit the orc warrior.
The orc warrior looks slightly unstable.
You bite the orc warrior, but do no damage.
The orc warrior is heavily wounded.
The orc warrior closely misses you. The orc hits you.
* * * LOW HITPOINT WARNING * * *
You block the orc wizard's attack. The orc hits you but does no damage.
The orc warrior hits you with a dire flail!
* * * LOW HITPOINT WARNING * * *
The orc wizard points at you and mumbles some strange words.
The puff of frost hits you! You resist.
The orc warrior disappears!
The centaur shoots an arrow.
The arrow barely misses you.
You see here an arrow.
The centaur shoots an arrow.
The arrow hits you.
You die...

...........# #....⌠....#
#.........# ###._..._..#
......co§..# # #..o# ###
##..# ..# ##(# #.#
########@# #.#
#........# #.##
#.#######...%...
#..######.#..^..#.######
..oo..o......<......>
##.######.#.###.#.###
##..# #..... #.# ###.#
###.### .# # #.## #.# .#


You could see a centaur, an orc wizard and an orc.

Vanquished Creatures
  A giant frog skeleton (D:5)
  2 orc priests
  3 hounds
  Crazy Yiuf (D:3)
  Terence (D:3)
  Jessica (D:3)
  An iguana (D:5)
  2 worker ants (D:4)
  A hound skeleton (D:4)
  6 adders
  A howler monkey skeleton (D:4)
  An ooze (D:3)
  2 adder skeletons
  2 giant geckos
  4 orcs
  6 giant cockroaches
  6 goblins
  9 hobgoblins
  3 jackals (D:3)
  15 kobolds
  2 quokkas
  4 bats
  4 giant newts
  A quokka skeleton (D:5)
  42 rats
  2 toadstools (D:1)
123 creatures vanquished.

Vanquished Creatures (collateral kills)
  A goblin (D:1)
  A hobgoblin (D:1)
  A kobold (D:1)
  A giant newt (D:1)
4 creatures vanquished.

Vanquished Creatures (others)
  2 toadstools (D:1)
2 creatures vanquished.

Grand Total: 129 creatures vanquished

Notes
Turn   | Place    | Note
--------------------------------------------------------------
     0 | D:1      | mopl the Vampire Transmuter began the quest for the Orb.
     0 | D:1      | Reached XP level 1. HP: 14/14 MP: 3/3
    47 | D:1      | Reached skill level 1 in Stealth
   235 | D:1      | Reached skill level 2 in Stealth
   297 | D:1      | Reached XP level 2. HP: 20/20 MP: 5/5
   307 | D:1      | Learned a level 2 spell: Sticks to Snakes
   333 | D:1      | Reached skill level 3 in Stealth
   605 | D:1      | Reached skill level 1 in Short Blades
   950 | D:1      | Reached XP level 3. HP: 4/25 MP: 1/6
  1564 | D:2      | Reached skill level 4 in Stealth
  1891 | D:2      | Reached XP level 4. HP: 28/31 MP: 7/7
  1903 | D:2      | Found a shadowy altar of Dithmenos.
  1916 | D:2      | Reached skill level 1 in Shields
  2017 | D:2      | Reached skill level 2 in Short Blades
  2278 | D:2      | Reached skill level 5 in Stealth
  2355 | D:3      | Noticed Jessica
  2359 | D:3      | Killed Jessica
  2368 | D:3      | Reached XP level 5. HP: 36/36 MP: 8/8
  2447 | D:3      | Noticed lightmor's ghost (amateur NaTm)
  2749 | D:3      | Noticed Terence
  2769 | D:3      | Killed Terence
  2784 | D:3      | You fall through a shaft for 2 floors!
  2784 | D:5      | Entered Level 5 of the Dungeon
  2784 | D:5      | Found a staircase to the Ecumenical Temple.
  2796 | Temple   | Entered the Ecumenical Temple
  3083 | D:5      | Reached skill level 6 in Stealth
  3083 | D:5      | Reached skill level 2 in Shields
  3114 | D:5      | Noticed an orc warrior
  3327 | D:3      | Noticed Crazy Yiuf
  3331 | D:3      | Killed Crazy Yiuf
  3331 | D:3      | Reached skill level 3 in Short Blades
  3331 | D:3      | Reached XP level 6. HP: 42/42 MP: 9/9
  3731 | D:4      | Reached skill level 7 in Stealth
  3826 | D:4      | Found a bloodstained altar of Trog.
  4149 | D:4      | Found a white marble altar of Elyvilon.
  4210 | D:5      | Found Dupia's Food Boutique.
  4305 | D:5      | Reached skill level 3 in Shields
  4391 | D:5      | Reached skill level 8 in Stealth
  4853 | D:5      | Found a stormy altar of Qazlal.
  4854 | D:5      | Found a basalt altar of Yredelemnul.
  4856 | D:5      | Found an ancient bone altar of Kikubaaqudgha.
  4856 | D:5      | Found an iron altar of Okawaru.
  4862 | D:5      | Reached XP level 7. HP: 42/47 MP: 10/10
  4867 | D:5      | Shot with an arrow by a centaur

Skill      XL: |  1  2  3  4  5  6 |
---------------+-------------------+-----
Stealth        | 2 3 4 5 6 8 |  8.1
Short Blades   | 1 2 3 |  3.6
Shields        | 1 2 3 |  3.1
Fighting       | |  0.8
Dodging        | |  2.1
Unarmed Combat | |  3.2
Spellcasting   | |  2.0
Transmutations | |  2.1

Action                   |  1- 3 |  4- 6 |  7- 9 || total
-------------------------+-------+-------+-------++-------
Melee: Dagger            |   240 |   313 |       ||   553
       Unarmed           |     9 |       |       ||     9
       Bite              |    14 |    38 |     1 ||    53
       Long sword        |       |    12 |     2 ||    14
 Cast: Sticks to Snakes  |     6 |     3 |       ||     9
  Use: Potion            |     1 |     2 |       ||     3
 Stab: Sleeping          |    10 |    15 |       ||    25
       Distracted        |       |     1 |       ||     1
Armor: Robe              |    47 |    33 |     1 ||    81
Dodge: Dodged            |   130 |    92 |     4 ||   226
Block: Buckler           |     5 |    39 |     2 ||    46
